 Dungeon Crawl Stone Soup version 0.29-a0-323-g050149af67 (webtiles) character file.

Game seed: 4646643665557341309

3712 kae the Zephyrmancer (level 10, -5/81 HPs)
             Began as an Ogre Air Elementalist on Apr 11, 2022.
             Was an Initiate of Gozag.
             Slain by an orc warrior
             ... wielding a +0 dire flail
              (12 damage)
             ... on level 8 of the Dungeon.
             The game lasted 00:10:21 (13262 turns).

kae the Zephyrmancer (Ogre Air Elementalist)       Turns: 13262, Time: 00:10:22

Health: -5/81      AC:  4    Str: 14    XL:     10   Next: 14%
Magic:  12/22      EV: 13    Int: 20    God:    Gozag
Gold:   505        SH:  0    Dex:  9    Spells: 15/25 levels left

rFire   . . .      SeeInvis .   c - +4 falchion (freeze)
rCold   . . .      Faith    .   (no shield)
rNeg    . . .      Spirit   .   a - +1 robe
rPois   .          Reflect  .   (helmet restricted)
rElec   .          Harm     .   (no cloak)
rCorr   .          Rampage  .   (gloves unavailable)
Will    +....                   (boots unavailable)
Stlth   +.........              (no amulet)
HPRegen 0.23/turn               m - +4 ring of evasion
MPRegen 0.18/turn               (no ring)

@: no status effects
A: large, unfitting armour, tough skin 1
a: Renounce Religion, Potion Petition, Call Merchant, Bribe Branch


You were on level 8 of the Dungeon.
You worshipped Gozag.
Gozag was pleased with you.
You visited 2 branches of the dungeon, and saw 9 of its levels.

You collected 732 gold pieces.
You spent 96 gold pieces at shops.
You paid 131 gold pieces to Gozag.

Inventory:

Hand Weapons
 c - a +4 falchion of freezing (weapon)
 f - a +0 club
Armour
 a - a +1 robe (worn)
Magical Staves
 j - a staff of poison
Jewellery
 m - a +4 ring of evasion (left hand)
Wands
 n - a wand of polymorph (10)
 p - a wand of charming (5)
 s - a wand of iceblast (11)
Scrolls
 g - 6 scrolls of identify
 o - 2 scrolls of fear
 q - a scroll of amnesia
 r - a scroll of fog {unknown}
 t - a scroll of blinking
Potions
 b - 2 potions of magic
 d - 7 potions of curing
 e - 3 potions of flight
 h - 2 potions of haste
 i - a potion of ambrosia
 k - a potion of mutation
 l - a potion of lignification


   Skills:
 - Level 1.7 Dodging
 - Level 1.4 Stealth
 + Level 8.2 Spellcasting
 + Level 6.4 Conjurations
 * Level 9.7 Air Magic


You had 15 spell levels left.
You knew the following spells:

 Your Spells              Type           Power      Damage    Failure   Level
a - Shock                 Conj/Air       100%       1d9       1%          1
b - Static Discharge      Conj/Air       40%        N/A       1%          2
c - Swiftness             Air            47%        N/A       1%          3
d - Airstrike             Air            23%        N/A       1%          4

Your spell library contained the following spells:

 Spells                   Type           Power      Damage    Failure   Level
 Mephitic Cloud           Conj/Pois/Air  29%        N/A       2%          3
 Ensorcelled Hibernation  Hex/Ice        16%        N/A       13%         2
 Ignite Poison            Fire/Tmut/Pois 8%         N/A       26%         3
 Ozocubu's Armour         Ice            8%         N/A       26%         3
 Spider Form              Tmut/Pois      8%         N/A       26%         3
 Freezing Cloud           Conj/Ice/Air   14%        6-21      26%         5
 Irradiate                Conj/Tmut      10%        3d16      52%         5
 Anguish                  Hex/Necr       4%         N/A       63%         4
 Blade Hands              Tmut           4%         N/A       93%         5
 Dragon Form              Tmut           4%         N/A       100%        7
 Ozocubu's Refrigeration  Ice            4%         4d5       100%        7


Dungeon Overview and Level Annotations

Branches:
Dungeon (8/15)             Temple (1/1) D:4            Lair (0/6) D:8

Altars:
Ashenzari
Dithmenos
Elyvilon
Gozag
Hepliaklqana
Kikubaaqudgha
Makhleb
Nemelex Xobeh
Okawaru
Qazlal
Ru
Sif Muna
Trog
Uskayaw
Vehumet
Wu Jian
Xom
Yredelemnul
Zin
The Shining One

Shops:
D:4 *   D:5 *

Annotations:
D:2 Crazy Yiuf
D:3 2 transporters, Terence; hark's ghost, amateur PaWr
D:7 3 runed translucent doors, NigelTetley's ghost, novice DrTm; kae's ghost, novice MiFi; qborf's ghost, novice OgBe


Innate Abilities, Weirdness & Mutations

You are too large for most types of armour.
You have tough skin. (AC +1)


Message History

Confirm with . or Enter, or press ? or * to list all spells.
Aiming: Shock (safe; 1% risk of failure)
Press: ? - help, Shift-Dir - straight line, f/p - orc warrior
Aim: an orc warrior, wielding a +0 dire flail and wearing a +0 chain mail (lightly wounded, 71% to hit)
The zap hits the orc warrior.
The orc warrior is moderately wounded.
The orc priest is distracted by your dazzling golden aura.
Casting: Shock (safe; 1% risk of failure)
Confirm with . or Enter, or press ? or * to list all spells.
Aiming: Shock (safe; 1% risk of failure)
Press: ? - help, Shift-Dir - straight line, f/p - orc warrior
Aim: an orc warrior, wielding a +0 dire flail and wearing a +0 chain mail (moderately wounded, 71% to hit)
The zap misses the orc warrior.
The orc priest shouts!
The orc priest is no longer distracted by gold.
The orc priest begins to cast a cantrip, but forgets the words!
The orc warrior attacks as you move away!
The orc warrior closely misses you.
The orc warrior attacks as you move away!
The orc warrior hits you with a +0 dire flail!
The orc warrior attacks as you move away!
The orc warrior misses you.
The orc warrior attacks as you move away!
The orc warrior hits you but does no damage.
The orc priest mumbles some strange prayers to Beogh against you.
Beogh smites you!
The orc warrior attacks as you move away!
The orc warrior hits you with a +0 dire flail.
The orc warrior attacks as you move away!
The orc warrior hits you with a +0 dire flail!
The orc priest invokes the aid of Beogh against you.
Beogh smites you!
* * * LOW HITPOINT WARNING * * *
The orc warrior attacks as you move away!
The orc warrior hits you with a +0 dire flail!
* * * LOW HITPOINT WARNING * * *
The orc warrior attacks as you move away!
The orc warrior hits you with a +0 dire flail!
You die...
Your body crumbles into a pile of gold.

....P.# #.##o######..... .PPP..#
#.#.......###### PP...##
#.#..###### ....## #.#..# ..#.#
#.#..# ..#.# #.#..# ..#.#
######'#..#+## ..#.######
#......o.....# ..#......#
#..<@oo......# ##### ###......#
#...)..).....# #...#
#......####......).....###.#.#
#.....>#...............'...#.#
###......#.......).......#####.#
....######........)......# #.#
##..# #......>........# #.#
##..# #....#......##### #.#
....# #....#......#########.#


You could see 2 orc warriors and an orc.

Vanquished Creatures
  A two-headed ogre (D:7)
  A hornet (D:7)
  A wyvern (D:7)
  A steam dragon (D:7)
  A water moccasin (D:7)
  A black bear (D:4)
  2 orc warriors
  2 ice beasts
  3 ogres
  A centaur (D:8)
  A phantom (D:5)
  3 bullfrogs
  A necrophage (D:5)
  A gnoll sergeant (D:5)
  3 scorpions
  5 wights
  4 crimson imps (D:3)
  2 jellies
  A gnoll shaman (D:8)
  A hound (D:6)
  6 orc priests
  Jessica (D:2)
  4 iguanas
  An orc wizard (D:5)
  Robin (D:2)
  12 gnolls
  6 adders
  3 white imps
  A worm (D:5)
  4 dart slugs
  49 orcs
  4 ball pythons
  4 endoplasms
  4 giant cockroaches
  10 goblins
  10 hobgoblins
  8 kobolds
  2 quokkas
  7 bats
  7 frilled lizards
  A goblin skeleton (D:3)
  A goblin zombie (D:3)
  2 hobgoblin zombies (D:3)
  2 kobold skeletons (D:3)
  An orc zombie (D:3)
  8 rats
195 creatures vanquished.

Vanquished Creatures (collateral kills)
  A goblin (D:2)
1 creature vanquished.

Vanquished Creatures (others)
  2 fungi (D:2)
  5 plants (D:3)
7 creatures vanquished.

Grand Total: 203 creatures vanquished

Notes
Turn   | Place    | Note
-------+----------+-------------------------------------------
     0 | D:1      | kae the Ogre Air Elementalist began the quest for the Orb.
     0 | D:1      | Reached XP level 1. HP: 16/16 MP: 3/3
    68 | D:1      | Found a faded altar of an unknown god.
   123 | D:1      | Reached skill level 1 in Conjurations
   240 | D:1      | Reached skill level 3 in Air Magic
   240 | D:1      | Reached XP level 2. HP: 15/24 MP: 0/5
   997 | D:1      | Reached XP level 3. HP: 31/31 MP: 4/7
  1000 | D:1      | Learned a level 2 spell: Static Discharge
  1004 | D:1      | Learned a level 3 spell: Swiftness
  1580 | D:2      | Noticed Robin
  1676 | D:2      | Killed Robin
  1848 | D:2      | Noticed Jessica
  1853 | D:2      | Killed Jessica
  1854 | D:2      | Reached XP level 4. HP: 26/39 MP: 3/8
  2279 | D:2      | Reached skill level 4 in Air Magic
  2279 | D:2      | Reached XP level 5. HP: 34/45 MP: 5/10
  2652 | D:2      | Found a runed translucent door.
  2653 | D:2      | Noticed Crazy Yiuf
  2987 | D:3      | Noticed Terence
  3002 | D:3      | Found a transporter.
  3012 | D:3      | Noticed hark's ghost (amateur PaWr)
  3194 | D:3      | Found a transporter.
  3341 | D:3      | Found a glowing golden altar of the Shining One.
  3871 | D:3      | Found a shimmering altar of Xom.
  4007 | D:3      | Reached XP level 6. HP: 42/53 MP: 2/11
  4673 | D:3      | Learned a level 4 spell: Airstrike
  4722 | D:4      | Found a hazy altar of Hepliaklqana.
  4723 | D:4      | Found a shadowy altar of Dithmenos.
  4723 | D:4      | Noticed a shadow
  4745 | D:4      | Reached skill level 5 in Air Magic
  5122 | D:4      | Reached XP level 7. HP: 32/59 MP: 0/13
  5384 | D:4      | Found a stormy altar of Qazlal.
  5384 | D:4      | Found a white marble altar of Elyvilon.
  5472 | D:4      | Found Muucwox's General Store.
  5481 | D:4      | Bought a potion of mutation for 96 gold pieces
  5772 | D:4      | Found a staircase to the Ecumenical Temple.
  6350 | D:5      | Entered Level 5 of the Dungeon
  6381 | D:5      | Reached skill level 5 in Spellcasting
  6497 | D:4      | Reached skill level 6 in Air Magic
  6946 | D:5      | Reached XP level 8. HP: 67/67 MP: 5/16
  7429 | D:5      | Found Zuhosol's General Store.
  8182 | D:5      | Reached skill level 7 in Air Magic
  9526 | D:6      | Reached skill level 5 in Conjurations
  9526 | D:6      | Reached XP level 9. HP: 74/74 MP: 1/18
  9766 | D:6      | Reached skill level 8 in Air Magic
 10540 | Temple   | Entered the Ecumenical Temple
 10809 | Temple   | Became a worshipper of Gozag Ym Sagoz the Greedy
 10889 | D:7      | Noticed a hornet
 10892 | D:7      | Killed a hornet
 11273 | D:7      | Found a runed translucent gate.
 11273 | D:7      | Found a runed translucent gate.
 11273 | D:7      | Found a runed translucent gate.
 11274 | D:7      | Noticed NigelTetley's ghost (novice DrTm)
 11274 | D:7      | Noticed kae's ghost (novice MiFi)
 11275 | D:7      | Noticed qborf's ghost (novice OgBe)
 11472 | D:7      | Noticed a two-headed ogre
 11759 | D:7      | Killed a two-headed ogre
 11760 | D:7      | Reached skill level 9 in Air Magic
 11760 | D:7      | Reached XP level 10. HP: 81/81 MP: 4/22
 12728 | D:8      | Found a staircase to the Lair.
 13262 | D:8      | Slain by an orc warrior

Illustrated notes

Levels and vault maps discovered:
D:1:      dpeg_arrival_pits, layout_loops_ring, shapermc_ecumenical_altar_venn
D:2:      layout_loops_cross, wander_ebering_terrifying_dragon_lair,
          uniq_crazy_yiuf_cottage, uniq_robin, uniq_jessica
D:3:      layout_loops_corners, led_xom_imps, nicolae_tso_besieged_by_evil,
          gammafunk_ghost_arena, serial_forest, infiniplex_forest_lined_room_2,
          infiniplex_forest_end_1, infiniplex_forest_clump_cross,
          infiniplex_forest_end_3, infiniplex_forest_straight_2,
          infiniplex_forest_split, infiniplex_forest_straight_2, uniq_terence
D:4:      layout_cave_pods, riverfiend_overflow_shadow_ancestor,
          gammafunk_temple_overflow_elements, minmay_temple_entry_arrows,
          serial_shops, shop
D:5:      layout_layer_cave, serial_shops, nicolae_shop_advertising_works
          [nicolae_subvault_shop_adworks]
D:6:      layout_basic
D:7:      layout_rooms, gammafunk_ghost_cemetery, minmay_misc_feat_roman,
          st_stairs_3
D:8:      layout_basic, lair_entry_dummy, special_room [special_room_orc],
          minmay_misc_feat_iff, dreamdust_mushroom_princess
Temple:   minmay_temple_curvy_branch

Skill      XL: |  1  2  3  4  5  6  7  8  9 |
---------------+----------------------------+-----
Conjurations   | 1 2 3 5 6 |  6.4
Air Magic      | 3 4 5 6 7 9 |  9.7
Spellcasting   | 3 4 5 6 8 |  8.2
Dodging        | |  1.7
Stealth        | |  1.4

Action                   |  1- 3 |  4- 6 |  7- 9 | 10-12 || total
-------------------------+-------+-------+-------+-------++-------
Melee: Club              |    16 |    36 |    16 |       ||    68
       Unarmed           |     1 |       |       |       ||     1
       Falchion          |       |       |       |    10 ||    10
 Cast: Shock             |    74 |   148 |    51 |    46 ||   319
       Static Discharge  |       |     4 |    14 |     1 ||    19
       Airstrike         |       |       |    92 |    11 ||   103
       Swiftness         |       |       |     2 |       ||     2
  Use: Scroll            |     5 |     5 |     7 |     1 ||    18
       Potion            |       |     1 |       |       ||     1
 Stab: Distracted        |       |       |       |     1 ||     1
Armor: Robe              |    18 |    33 |    15 |     4 ||    70
Dodge: Dodged            |    11 |    35 |    57 |    10 ||   113

Table legend: (Time is in decaauts)
 A = Elapsed time spent in this place.
 B = Non-inter-level travel time spent in this place.
 C = Inter-level travel time spent in this place.
 D = Time resting spent in this place.
 E = Time spent auto-exploring this place.
 F = Levels seen in this place.
 G = Mean time per level.
                   A        B        C        D        E       F      G
               +--------+--------+--------+--------+--------+-----+--------+
         Total |  13304 |  12782 |    522 |   1284 |  10046 |   9 | 1478.2 |
       Dungeon |  13013 |  12535 |    478 |   1284 |   9802 |   8 | 1626.6 |
        Temple |    291 |    248 |     43 |      0 |    244 |   1 |  291.0 |
               +--------+--------+--------+--------+--------+-----+--------+

Top non-repeatable levels by time:
     D:5: 2596 daAuts
     D:3: 1918 daAuts
     D:4: 1783 daAuts
     D:2: 1517 daAuts
     D:1: 1475 daAuts
     D:6: 1403 daAuts
     D:7: 1284 daAuts
     D:8: 1034 daAuts
  Temple: 291 daAuts
